[Event "*** Titled Tuesday 3|2 Blitz"]
[Site "Chess.com"]
[Date "2016.03.01"]
[Round "9"]
[White "GeorgMeier"]
[Black "LuckyTiger"]
[Result "1/2-1/2"]
[WhiteElo "2741"]
[BlackElo "2609"]
[TimeControl "180+2"]
[EndTime "13:39:19 PST"]
[Termination "Game drawn by agreement"]

1. Nf3 Nf6 2. g3 d5 3. Bg2 e6 4. O-O Be7 5. c4 O-O 6. d4 dxc4 7. Qc2 a6 8. a4 Bd7 9. Qxc4 Bc6 10. Bg5 Bd5 11. Qc2 Be4 12. Qd1 Nbd7 13. Nc3 Bd5 14. Qc2 c5 15. e4 Bc6 16. Rfd1 h6 17. Bxf6 Nxf6 18. d5 exd5 19. exd5 Be8 20. Ne5 Qc7 21. Nc4 Rd8 22. a5 Bb5 23. d6 Bxd6 24. Nxd6 Rxd6 25. Rxd6 Qxd6 26. Nxb5 axb5 27. Bxb7 Qb8 28. a6 Qa7 29. Qd2 Re8 30. Qa5 c4 31. Qxb5 Re2 32. Rf1 Ng4 33. Qf5 Ne5 34. Be4 Nd7 35. Bd5 Ne5 36. Bxc4 Nxc4 37. Qc8+ Kh7 38. Qxc4 Rxb2 39. Qe4+ g6 40. Qc4 Kg8 41. h4 h5 42. Qa4 Kh7 43. Qa3 Rb6 44. Ra1 Rf6 45. Qe3 Qa8 46. a7 Re6 47.
Qc5 Kg7 48. Qd4+ Kg8 49. Rb1 Kh7 50. Kh2 Re8 51. Rb2 Qf3 52. Qf4 Qd5 53. Rd2 Qb7 54. Ra2 Ra8 55. Qd4 Qc6 56. Qe3 Qd5 57. Ra3 Qc6 58.
Qd4 Qb7 59. Ra4 Qf3 60. Qf4 Qb7 61. Qd4 Qf3 62. Qb6 Qd5 63. Rf4 Qd7 64. Rd4 Qxa7 65. Qf6 Re8 66. Rf4 Kg8 67. Qg5 Qe7 68. Qh6 Qf8 69. Qg5 Qe7 70. Qh6 Qf8 71. Qg5 Qe7 72. Qd5 Qe6 73. Qf3 Re7 74. Rf6 Qe5 75. Rf4 Kg7 76. Rc4 Qf6 77. Rf4 Qe5 78. Qc6 Qe6 79. Qc3+ Qe5 80. Qd2 Rc7 81. Rd4 Re7 82. Rd5 Qf6 83. Rd6 Re6 84. Rd7 Re5 85. Rd3 Rb5 86.
Qe3 Rb2 87. Kg1 Rb1+ 88. Kg2 Qc6+ 89. Qf3 Qxf3+ 90. Kxf3 1/2-1/2

[Event "*** Titled Tuesday 3|2 Blitz"]
[Site "Chess.com"]
[Date "2016.03.01"]
[Round "9"]
[White "MinhGTrAn"]
[Black "dretch"]
[Result "1-0"]
[WhiteElo "2668"]
[BlackElo "2537"]
[TimeControl "180+2"]
[EndTime "13:39:21 PST"]
[Termination "MinhGTrAn won by resignation"]

1. d4 d5 2. c4 c6 3. Nc3 dxc4 4. e3 b5 5. a4 b4 6. Na2 e6 7. Bxc4 Nf6 8. Nf3 Bb7 9. O-O a5 10.
b3 Nbd7 11. Bb2 c5 12. Nc1 Bd6 13. Nd3 O-O 14. Rc1 cxd4 15. Nxd4 Qb8 16. h3 Nb6 17. Bb5 Nfd7 18. Nc6 Bxc6 19. Rxc6 Rd8 20. Qg4 Bf8 21. Nf4 e5 22. Nh5 Nd5 23. Rd1 N7b6 24. Rdc1 Kh8 25.
e4 Nc3 26. Bxc3 bxc3 27. R6xc3 Ra7 28. Kh2 g6 29. Nf6 h6 30. Bc6 Qd6 31. Nd5 Nxd5 32. Bxd5 Kg7 33. Rc6 Qe7 34. Qf3 Rb8 35. Qe3 Rd7 36.
R1c5 Ra7 37. Rc2 Rd7 38. g3 Ra7 39. Kg2 Rd7 40. h4 h5 41. R2c5 Qd8 42. Rb5 Rxb5 43. axb5 Rxd5 44. exd5 Qxd5+ 45. Qf3 Qxb5 46. Rc7 Qe8 47.
Qc6 Qd8 48. Rd7 Qe8 49. Qd5 Bb4 50. Rb7 e4 51. Qd4+ Kh7 52. Qd5 Kg7 53. Qd4+ Kh7 54. Rc7 Qe6 55. Rd7 Qf5 56. Rd8 f6 57. Qd7+ Qxd7 58.
Rxd7+ Kh6 59. Kf1 g5 60. hxg5+ Kxg5 61. Ke2 f5 62. Ke3 Bc5+ 63. Ke2 Bb4 64. Rd5 Kg4 65.
Rd7 Kg5 66. Rg7+ Kf6 67. Rg8 Kf7 68. Rg5 Kf6 69. Rxh5 Ke6 70. Ke3 Bc5+ 71. Ke2 Bb4 72. Rh6+ Ke5 73. Rb6 Kd5 74. Rb5+ Ke6 75. Ke3 Kf6 76.
g4 fxg4 77. Kxe4 Be1 78. Ke3 Kg6 79. Rd5 Kf6 80. Rb5 Kg6 81. Rd5 Kf6 82. Rd1 Bb4 83.
Kf4 Bc5 84. Rd2 Bb4 85. Rc2 Ke6 86. Kxg4 Ke5 87. f4+ Kd4 88. f5 Kd3 89. Rc8 Bc3 90. Kg5 Kc2 91. f6 Kxb3 92. Rxc3+ Kxc3 93. f7 a4 94. f8=Q Kb3 95. Qf6 Ka2 96. Qc3 Kb1 97.
Qb4+ 1-0

[Event "*** Titled Tuesday 3|2 Blitz"]
[Site "Chess.com"]
[Date "2016.03.01"]
[Round "9"]
[White "petrpalachev"]
[Black "bugsbunny444"]
[Result "1-0"]
[WhiteElo "2283"]
[BlackElo "2399"]
[TimeControl "180+2"]
[EndTime "13:41:43 PST"]
[Termination "petrpalachev won by resignation"]

1. d4 e6 2. c4 b6 3. Nf3 Bb7 4. g3 Bb4+ 5. Bd2 Bxf3 6. exf3 Bxd2+ 7. Qxd2 c6 8. Bg2 d5 9. O-O Ne7 10. Rc1 O-O 11. f4 Nd7 12. Na3 Nf6 13. b3 Rc8 14. Rd1 Qd6 15. Qb2 Rfd8 16. Rac1 Nf5 17. c5 Qb8 18.
Qc2 Nd7 19. cxb6 axb6 20. Nb1 Nf6 21. Nc3 h6 22. a4 Qd6 23. Qb2 Qb4 24. Na2 Qa5 25. Nc3 b5 26. b4 Qb6 27. a5 Qa7 28. Ne2 Ne8 29. Bf3 Ned6 30. Qc3 Nc4 31. Rc2 g6 32. Nc1 Kg7 33. Nb3 Qe7 34. Nc5 Nfd6 35. Re2 Nb7 36. Nd3 Qf8 37. h4 h5 38. Kg2 Nbd6 39. Ree1 Rc7 40. Ra1 Ra8 41. Nc5 Nb7 42.
Nd3 Nbd6 43. Kg1 Kh7 44. Bg2 Nf5 45. Nc5 Qg7 46. Nb3 Qf6 47. Bf1 Rd7 48. Rad1 Rdd8 49.
Nc5 Nfd6 50. Bd3 Ra7 51. Kg2 Kg8 52. Re5 Nb7 53. Nxb7 Rxb7 54. Ree1 Ra7 55. Bb1 Qe7 56. f3 Qf6 57. Ba2 Rda8 58. Qc1 Rb8 59. Qc2 Rc8 60.
Qe2 Qe7 61. Rb1 Qf6 62. Red1 Rd7 63. Rb3 Ra7 64. Bb1 Kg7 65. Rh1 Rd8 66. Rd1 Rc8 67. Qf2 Rd8 68. Kh3 Rad7 69. Re3 Qe7 70. Rb3 Qd6 71. Re1 Qe7 72. Kh2 Qf6 73. Re5 Nxe5 74. fxe5 Qe7 75. Qd2 Ra7 76. f4 Ra6 77.
Rb2 Rf8 78. Bd3 Qe8 79. Rc2 f6 80. exf6+ Rxf6 81. Qe1 Qf8 82. Rc5 Qd6 83. Qc3 Rf7 84.
Kg2 Kh6 85. Qc2 Rf6 86. Qc1 Kh7 87. Kf2 Kg7 88. Ke3 Rf7 89. Kd2 Rf6 90. Kc3 Rf7 91. Kb3 Rf6 92. Qe3 Rf7 93. Qe2 Rf6 94. Rc1 Rf7 95.
Qc2 Rf6 96. Qc5 Qxc5 97. dxc5 Ra7 98. Kc3 e5 99. fxe5 Rf3 100. Kd4 Rxg3 101. e6 Kf6 102. Rf1+ Kxe6 103.
Re1+ Kf6 104. Rf1+ Ke6 105. Re1+ Kf6 106. Rf1+ Kg7 107. Bxb5 cxb5 108. c6 Rg4+ 109. Kc5 Rxb4 110. Kxb4 Rc7 111. Kxb5 d4 112. Kb6 Rc8 113. Kb7 Re8 114. c7 Re7 115. Kc8 d3 116. Kd8 Rf7 117. Rxf7+ Kxf7 118. c8=Q 1-0